Cogmind - Beta 16 @@@ ROGUE MODE // 2025.10.26 @ 07:51:31 Player: Rocko1345 Result: Core destroyed Performance ------------- Evolutions (3) 1500 Regions Visited (5) 1000 Robots Destroyed (68) 340 Value Destroyed (2273) 2273 Prototype IDs (4) 80 Alien Tech Used (0) 0 Bonus (500) 500 TOTAL SCORE: 5693 Bonus ------- Entered DSFs 500 Cogmind --------- Core Integrity 0/700 Matter 173/300 Energy 256/300 System Corruption 1% Temperature Critical (586) Movement Walking (185) Ox1 Location -7/DSF Parts ------- > --- POWER (1) -------- Angular Momentum Engine > --- PROPULSION (3) --- VSS Leg Flexi-carbon Leg Flexi-carbon Leg > --- UTILITY (7) ------ Large Storage Unit Advanced Visual Processing Unit Transport Network Coupler Advanced Targeting Computer Target Analyzer Target Analyzer Core Analyzer > --- WEAPON (2) ------- Minigun Gauss Cannon > --- INVENTORY (15) --- Angular Momentum Engine Angular Momentum Engine Armored Treads Armored Treads VSS Leg Thermal Generator Advanced Visual Processing Unit Advanced Visual Processing Unit Reactive Plating Graphene Brace Shield Generator Component Analysis Suite Rocket Launcher Datajack Remote Datajack Peak State ------------ > --- POWER ------------ Angular Momentum Engine > --- PROPULSION ------- VSS Leg Flexi-carbon Leg Flexi-carbon Leg > --- UTILITY ---------- Large Storage Unit Advanced Visual Processing Unit Transport Network Coupler Advanced Targeting Computer Target Analyzer Target Analyzer Core Analyzer > --- WEAPON ----------- Minigun Gauss Cannon > --- INVENTORY -------- Angular Momentum Engine Angular Momentum Engine Armored Treads Armored Treads VSS Leg Thermal Generator Advanced Visual Processing Unit Advanced Visual Processing Unit Reactive Plating Graphene Brace Shield Generator Component Analysis Suite Rocket Launcher Datajack Remote Datajack [Rating: 48] Favorites ----------- Power Heavy Ion Engine Engine Heavy Ion Engine Propulsion Light Treads Treads Light Treads Leg Flexi-carbon Leg Wheel Armored Huge Wheel Utility Large Storage Unit Device Heat Sink Storage Large Storage Unit Processor Transport Network Coupler Hackware Hacking Suite Protection Improved Medium Armor Plating Weapon Improved Assault Rifle Energy Gun EM Pulse Gun Energy Cannon Beam Cannon Ballistic Gun Improved Assault Rifle Ballistic Cannon Gauss Cannon Launcher Rocket Launcher Impact Weapon Flail Build | -11 -10 -9 -8 -7 -7 ------- Run | Yrd Mat Mat Mat Fac DSF Slots Evolved 6 | . . 2 2 2 . Power . | . . . . . . Propulsion 1 | . . . . 1 . Utility 5 | . . 2 2 1 . Weapon . | . . . . . . Parts Attached 63 | 6 3 18 14 3 19 Power 7 | 1 . 2 1 . 3 Engine 7 | 1 . 2 1 . 3 Core . | . . . . . . Reactor . | . . . . . . Propulsion 14 | 2 . 5 1 1 5 Treads 8 | 2 . 5 . . 1 Leg 4 | . . . . . 4 Wheel 2 | . . . 1 1 . Hover . | . . . . . . Flight . | . . . . . . Utility 20 | 1 2 6 5 2 4 Device 4 | . . 3 1 . . Storage 2 | 1 1 . . . . Processor 10 | . 1 3 2 . 4 Hackware 2 | . . . 2 . . Protection 2 | . . . . 2 . Artifact . | . . . . . . Weapon 22 | 2 1 5 7 . 7 Energy Gun 12 | 1 1 2 5 . 3 Energy Cannon 2 | . . 2 . . . Ballistic Gun 5 | 1 . 1 . . 3 Ballistic Cannon 1 | . . . . . 1 Launcher 1 | . . . 1 . . Special Weapon . | . . . . . . Impact Weapon 1 | . . . 1 . . Slashing Weapon . | . . . . . . Piercing Weapon . | . . . . . . Special Melee Weapon . | . . . . . . Unidentified Prototypes 2 | . . 2 . . . Parts Lost 26 | . . 1 11 . 14 Power 2 | . . . 1 . 1 Propulsion 5 | . . 1 2 . 2 Utility 8 | . . . 4 . 4 Weapon 11 | . . . 4 . 7 Highest Loss Streak 8 | . . 1 7 . 8 To Critical Strikes . | . . . . . . Average Backups 9 | . 2 11 11 13 13 Power . | . . 1 1 1 . Propulsion . | . . . 1 . . Utility 4 | . 1 4 5 6 6 Weapon 2 | . . 2 1 3 4 Tool/Special . | . . . . . . Unused Backups 17 | . . 4 1 . 12 Power 2 | . . . . . 2 Propulsion 1 | . . . . . 1 Utility 9 | . . 2 . . 7 Weapon 1 | . . . 1 . . Tool/Special 4 | . . 2 . . 2 Average Slot Usage (%) 93 | . 99 98 84 88 84 Engine 10 | . 14 11 8 7 6 Treads 14 | . 28 21 4 . . Wheel 3 | . . . 6 15 8 Device 5 | . . 10 7 . . Storage 10 | . 14 11 9 7 7 Processor 24 | . 13 21 27 30 38 Hackware 1 | . . . 6 . . Protection 1 | . . . . 11 4 Energy Gun 7 | . 14 4 7 7 8 Energy Cannon 4 | . . 9 1 . . Ballistic Gun 7 | . 14 7 5 7 3 Peak Build Rating 48 | 6 7 21 35 41 48 Average Rating 20 | 4 6 15 29 38 36 On Entrance 17 | . 6 7 21 31 41 Avg Prop Armor Cover (%) 11 | . . . . . 11 Naked Turns . | . . . . . . Heaviest Build 46 | 14 29 35 37 44 46 Greatest Support 52 | 40 40 43 43 40 52 Greatest Overweight (x) 12 | . . 1 1 1 12 Average Overweight (x) . | . . . . . 1 Largest Inventory Capacity 15 | 8 15 15 15 15 15 Average Capacity 13 | 7 9 15 15 15 15 Most Carried 15 | . 6 15 15 15 15 Average Carried 9 | . 2 11 11 13 13 Final Capacity 15 | 8 15 15 15 15 15 Final Carried 15 | . 6 15 12 15 15 Class Distribution -------------------- 88% | Mutant 6% | Scavenger-Mutant 3% | Hacker-Mutant Dominant Class ---------------- Mutant | -10/Materials Mutant | -9/Materials Mutant | -8/Materials Mutant | -7/Factory Mutant | -7/DSF Resources | -11 -10 -9 -8 -7 -7 ----------- Run | Yrd Mat Mat Mat Fac DSF Matter Collected 1149 | 260 108 299 252 . 230 Remotely . | . . . . . . Salvage Created 2898 | . 578 884 871 . 565 Parts 151 | . 27 46 45 . 33 Haulers Intercepted 6 | . 1 4 1 . . Recyclers Shooed 2 | . 1 1 . . . Parts Field Recycled . | . . . . . . Retrieved Matter . | . . . . . . Parts Self-Destructed . | . . . . . . Prevented . | . . . . . . Parts Restored . | . . . . . . Kills | -11 -10 -9 -8 -7 -7 ------- Run | Yrd Mat Mat Mat Fac DSF Combat Hostiles Destroyed 48 | . 10 14 12 . 12 Guns 35 | . 6 9 9 . 11 Cannons 9 | . . 5 3 . 1 AOE 4 | . 4 . . . . Classes Destroyed 16 | . 6 2 4 . 4 Worker 1 | . . . 1 . . Builder 2 | . . . 2 . . Hauler 6 | . 1 4 1 . . Recycler 3 | . 2 . 1 . . Mechanic 1 | . . . 1 . . Operator 3 | . 1 1 1 . . Watcher 4 | . 2 2 . . . Swarmer 3 | . 3 . . . . Grunt 31 | . 7 11 9 . 4 Brawler 1 | . . 1 . . . Duelist 1 | . . . 1 . . Sentry 4 | . . 2 2 . . Specialist 5 | . . . . . 5 Hunter 1 | . . . . . 1 Programmer 1 | . . . . . 1 Heavy 1 | . . . . . 1 Best Kill Streak 7 | . 5 4 7 . 6 Combat Bots Only 6 | . 5 3 4 . 6 Max Kills in Single Turn 3 | . 3 1 2 . 2 Gunslinging 1 | . . . . . 1 Exploded 2 | . 2 . . . . Melee . | . . . . . . Uniques/NPCs Destroyed . | . . . . . . Combat | -11 -10 -9 -8 -7 -7 -------- Run | Yrd Mat Mat Mat Fac DSF Hostile Shots Fired 392 | . 26 75 112 . 179 Missed 133 | . 8 20 34 . 71 Hits 259 | . 18 55 78 . 108 Melee 5 | . . 5 . . . Projectile 254 | . 18 50 78 . 108 Critical Strikes 12 | . . 5 1 . 6 Damage Taken 4435 | . 177 729 1200 . 2329 Core 1136 | . 30 92 223 . 791 Absorbed by Shields 5 | . . . . . 5 Core Remaining (%) 81 | 100 88 77 59 . . Volleys Fired 212 | . 26 70 76 . 40 Largest 2 | . 2 2 2 . 2 Hottest 130 | . 60 130 110 . 126 Shots Fired 379 | . 52 140 111 . 76 Gun 327 | . 52 96 104 . 75 Cannon 52 | . . 44 7 . 1 Launcher . | . . . . . . Special . | . . . . . . Kinetic 148 | . 26 55 40 . 27 Thermal 125 | . . 60 16 . 49 Explosive . | . . . . . . Electromagnetic 106 | . 26 25 55 . . Robot Hit Streak 16 | . 5 14 10 . 16 Robot Miss Streak 4 | . 3 4 3 . 3 Penetration Max . | . . . . . . Secondary Targets 4 | . . . 1 . 3 Max Gunslinging Chain 1 | . . . 1 . 1 Shots Hit Robots 258 | . 30 88 78 . 62 Core Hits 120 | . 22 34 35 . 29 Critical Kills 2 | . . . 1 . 1 Critical Parts Destroyed 2 | . . . 1 . 1 Critical Strikes 16 | . . 2 7 . 7 Burn 7 | . . 1 1 . 5 Destroy 5 | . . . 3 . 2 Corrupt 4 | . . 1 3 . . Melee Attacks . | . . . . . . Impact . | . . . . . . Slashing . | . . . . . . Piercing . | . . . . . . Sneak Attacks . | . . . . . . Combat Hostiles . | . . . . . . Follow-up Attacks . | . . . . . . Damage Inflicted 4840 | . 729 1332 1660 . 1119 Guns 3761 | . 440 807 1424 . 1090 Cannons 641 | . . 525 87 . 29 Explosions 438 | . 289 . 149 . . Melee . | . . . . . . Ramming . | . . . . . . Kinetic 1472 | . 164 433 471 . 404 Thermal 2054 | . 289 677 373 . 715 Explosive . | . . . . . . Electromagnetic 1314 | . 276 222 816 . . Impact . | . . . . . . Slashing . | . . . . . . Piercing . | . . . . . . Highest Corruption 1 | . . . . . 1 Average Corruption 1 | . . . . . 1 Corruption Purged . | . . . . . . Corruption Blocked . | . . . . . . Effects 1 | . . . . . 1 Matter Fused 1 | . . . . . 1 Overload Shots . | . . . . . . Overflow Damage 19 | . 19 . . . . Projectiles . | . . . . . . Explosions 19 | . 19 . . . . Melee . | . . . . . . Knockbacks . | . . . . . . Impact . | . . . . . . Kinetic . | . . . . . . Secondary . | . . . . . . Self-Inflicted Damage . | . . . . . . Shots . | . . . . . . Rammed . | . . . . . . Targets Rammed . | . . . . . . Kicked . | . . . . . . Crushed . | . . . . . . Highest Temperature 586 | . 30 150 265 . 586 Average Temperature 80 | . 15 34 84 . 174 Received Heat Transfer 1434 | . 66 360 666 . 342 Effects 6 | . . . 1 . 5 Shutdowns 1 | . . . . . 1 Energy Bleed 2 | . . . 1 . 1 Matter Decay 1 | . . . . . 1 Short Circuit 1 | . . . . . 1 Damage (core) 1 | . . . . . 1 Siege Activations . | . . . . . . Martial Activations . | . . . . . . Shielding Activations . | . . . . . . Robots Disrupted 1 | . . . 1 . . Combat Hostiles 1 | . . . 1 . . Robots Corrupted . | . . . . . . Combat Hostiles . | . . . . . . Parts Fried 5 | . 1 1 3 . . Impact Corruptions . | . . . . . . Robots Melted . | . . . . . . Combat Hostiles . | . . . . . . Parts Melted 8 | . . 2 3 . 3 Heat Transferred 4709 | . 500 1554 805 . 1850 Parts Sabotaged . | . . . . . . Parts Stolen . | . . . . . . Parts Stripped . | . . . . . . Power Chain Reactions 5 | . 3 . 2 . . Alert | -11 -10 -9 -8 -7 -7 ------- Run | Yrd Mat Mat Mat Fac DSF Maximum Alert Level 1 | . . . . . 1 Low Security (%) 96 | 100 100 100 100 100 74 Level 1 3 | . . . . . 25 Level 2 . | . . . . . . Level 3 . | . . . . . . Level 4 . | . . . . . . Level 5 . | . . . . . . High Security . | . . . . . . Max Security . | . . . . . . Sterilizations 1 | . . . . . 1 Peak Influence 253 | . 159 113 79 18 253 Initial 45 | . . 32 45 14 3 Average 47 | . 71 32 44 1 110 Influence Increases 1507 | . 296 461 351 9 390 Destroy 0b10 Robot/C 960 | . 200 280 240 . 240 Destroy 0b10 Robot/NC 100 | . 30 35 35 . . Destroy Leader 230 | . 46 82 42 . 60 Successful Hack 31 | . 4 18 . 9 . Disable Machine 60 | . . 45 15 . . Destroy Structure 21 | . 16 1 4 . . Lose Combat Pursuer 105 | . . . 15 . 90 Influence Decreases 1254 | . 218 430 428 36 142 Entered New Map 130 | . . 46 64 18 2 Time Decay 864 | . 218 374 254 18 . Lost Part 260 | . . 10 110 . 140 Squads Dispatched 8 | . 2 1 1 . 4 Investigation 1 | . 1 . . . . Extermination . | . . . . . . Reinforcement 7 | . 1 1 1 . 4 Assault . | . . . . . . Garrison . | . . . . . . Intercept . | . . . . . . Searches Triggered . | . . . . . . Construction Impeded . | . . . . . . Haulers Reinforced . | . . . . . . Active Scanning Responses . | . . . . . . Cargo Convoy Interrupts . | . . . . . . Stealth | -11 -10 -9 -8 -7 -7 --------- Run | Yrd Mat Mat Mat Fac DSF Distress Signals 3 | . . 2 1 . . Communications Jammed . | . . . . . . Distress Signals . | . . . . . . Times Spotted 81 | . 15 23 22 . 21 Peak Tracking Total 7 | . 5 4 6 . 7 Tactical Retreats 5 | . . . 1 . 4 Traps | -11 -10 -9 -8 -7 -7 ------- Run | Yrd Mat Mat Mat Fac DSF Traps Triggered 4 | . 1 . . . 3 Indirectly . | . . . . . . Trap Hack Attempts . | . . . . . . Triggered . | . . . . . . Disarmed . | . . . . . . Reprogrammed . | . . . . . . Reused . | . . . . . . Traps Extracted . | . . . . . . Installed . | . . . . . . Triggered . | . . . . . . Machines | -11 -10 -9 -8 -7 -7 ---------- Run | Yrd Mat Mat Mat Fac DSF Machines Disabled 4 | . . 3 1 . . Max in Single Turn 1 | . . 1 1 . . Machines Repaired . | . . . . . . Machines Dismantled . | . . . . . . Machines Sabotaged . | . . . . . . Overloaded Fab Kills . | . . . . . . Hacking | -11 -10 -9 -8 -7 -7 --------- Run | Yrd Mat Mat Mat Fac DSF Machines Accessed 9 | . 2 4 . 3 . Terminals 6 | . 1 4 . 1 . Fabricators . | . . . . . . Repair Stations . | . . . . . . Recycling Units 1 | . 1 . . . . Scanalyzers 2 | . . . . 2 . Garrison Access . | . . . . . . Total Hacks 35 | . 4 15 . 16 . Successful 19 | . 2 9 . 8 . Failed 15 | . 2 6 . 7 . Catastrophic 1 | . . 1 . . . Database Lockouts 1 | . . . . 1 . Manual 9 | . 2 7 . . . Terminals 21 | . 3 15 . 3 . Fabricators . | . . . . . . Repair Stations . | . . . . . . Recycling Units 1 | . 1 . . . . Scanalyzers 13 | . . . . 13 . Garrison Access . | . . . . . . Terminal Hacks 8 | . 1 6 . 1 . Record 1 | . . 1 . . . Prototype ID Bank 1 | . . 1 . . . Open DSF 1 | . . . . 1 . Alert Level 1 | . . 1 . . . Locate Traps 1 | . 1 . . . . Hauler Manifests 1 | . . 1 . . . Registered Prototypes 1 | . . 1 . . . Zone Layout 1 | . . 1 . . . Fabricator Hacks . | . . . . . . Repair Station Hacks . | . . . . . . Recycling Unit Hacks 1 | . 1 . . . . Report Inventory 1 | . 1 . . . . Scanalyzer 7 | . . . . 7 . Retrieve Study 7 | . . . . 7 . Garrison Access Hacks . | . . . . . . Unauthorized Hacks 3 | . . 3 . . . Terminals 3 | . . 3 . . . Botnet 3 | . . 3 . . . Fabricators . | . . . . . . Repair Stations . | . . . . . . Recycling Units . | . . . . . . Scanalyzers . | . . . . . . Garrison Access . | . . . . . . Data Cores Recovered . | . . . . . . Used . | . . . . . . Hacking Detections 7 | . 1 4 . 2 . Full Trace Events 1 | . . 1 . . . Feedback Events . | . . . . . . Feedback Blocked . | . . . . . . Robot Schematics Acquired . | . . . . . . Robots Built . | . . . . . . Authchips . | . . . . . . Time . | . . . . . . Total Robot Build Rating . | . . . . . . Part Schematics Acquired . | . . . . . . Parts Built . | . . . . . . Authchips . | . . . . . . Time . | . . . . . . Total Part Build Rating . | . . . . . . Part Studies Acquired 7 | . . . . 7 . Parts Repaired . | . . . . . . Time . | . . . . . . Parts Recycled . | . . . . . . Recycled Matter . | . . . . . . Retrieved Matter . | . . . . . . Retrieved Components . | . . . . . . Parts Scanalyzed . | . . . . . . Part Schematics Acquired . | . . . . . . Parts Damaged . | . . . . . . Bothacking | -11 -10 -9 -8 -7 -7 ------------ Run | Yrd Mat Mat Mat Fac DSF Used RIF Installer . | . . . . . . Robots Hacked . | . . . . . . Non-combat . | . . . . . . Combat . | . . . . . . Robot Hacks Applied . | . . . . . . Relay Couplers Released . | . . . . . . Fabnet Peak Effective % . | . . . . . . Robots Rewired . | . . . . . . Allies Hacked . | . . . . . . Hacks Repelled . | . . . . . . Allies | -11 -10 -9 -8 -7 -7 -------- Run | Yrd Mat Mat Mat Fac DSF Total Allies . | . . . . . . Largest Group . | . . . . . . Highest-Rated Group . | . . . . . . Highest-Rated Ally . | . . . . . . Total Orders . | . . . . . . Ally Attacks . | . . . . . . Total Damage . | . . . . . . Kills . | . . . . . . Allies Corrupted . | . . . . . . Allies Melted . | . . . . . . Intel | -11 -10 -9 -8 -7 -7 ------- Run | Yrd Mat Mat Mat Fac DSF Active Infowar (turns) 2699 | . . 1405 553 307 434 Optics 2609 | . . 1315 553 307 434 Sensors 312 | . . . 312 . . T.N.C. 2699 | . . 1405 553 307 434 Machine Analysis 588 | . . . 205 307 76 Robot Analysis Total . | . . . . . . Derelict Logs Recovered . | . . . . . . Drone Launches . | . . . . . . Drone Recoveries . | . . . . . . Exploration | -11 -10 -9 -8 -7 -7 ------------- Run | Yrd Mat Mat Mat Fac DSF Turns Passed 3414 | 79 609 1433 553 307 433 Spaces Moved 1834 | 52 306 691 261 305 219 Core 14 | 11 . . . . 3 Treads 1085 | 41 306 691 43 . 4 Legs 38 | . . . . . 38 Wheels 697 | . . . 218 305 174 Hover . | . . . . . . Flight . | . . . . . . Fastest Speed 50 | 50 160 160 115 85 85 Average Speed 139 | 136 160 162 123 97 116 Slowest Speed 650 | 160 160 240 240 100 650 Overloaded Moves . | . . . . . . Propulsion Burnouts . | . . . . . . Robots Hopped . | . . . . . . Potential Cave-ins . | . . . . . . Cave-ins Triggered . | . . . . . . Exploration Rate (%) 34 | 4 50 39 19 10 84 Regions Visited 5 Branch Regions . Pre-discovered Areas . | . . . . . . Known Exits Taken 1 | . . . . 1 . Unknown Exits Taken 4 | 1 1 1 1 . . Scrap Searched . | . . . . . . Spaces Dug . | . . . . . . Terrain Destroyed 24 | . 20 . 4 . . Melee . | . . . . . . Projectile . | . . . . . . AOE 24 | . 20 . 4 . . Terrain Rammed . | . . . . . . Walls Destroyed . | . . . . . . Machines Disabled . | . . . . . . Actions | -11 -10 -9 -8 -7 -7 --------- Run | Yrd Mat Mat Mat Fac DSF Total 2309 | 57 373 863 380 314 322 Wait 109 | . 31 48 14 . 16 Move 1829 | 51 305 690 260 304 219 Hop . | . . . . . . Pick Up 52 | . 6 22 10 6 8 Fast Attach 16 | 6 1 1 2 1 5 Attach 25 | . . 2 11 2 10 Detach . | . . . . . . Swap 25 | . 2 15 3 . 5 Drop 24 | . 2 15 4 1 2 Fire 212 | . 26 70 76 . 40 Melee . | . . . . . . Ram . | . . . . . . Kick . | . . . . . . Crush . | . . . . . . Escape Stasis 16 | . . . . . 16 Rewire 1 | . . . . . 1 Trap . | . . . . . . Miscellaneous . | . . . . . . Route ------- -11/Scrapyard -10/Materials (discovered 3 exits: *Mat / [*Min x2]) -9/Materials -8/Materials -7/Factory -7/DSF (discovered 1 exit: [*Fac]) History --------- Turn | Location | Event 7 | -11/Scrapyard | Discovered new exit (range 16) 80 | -11/Scrapyard | Entered Materials 250 | -10/Materials | Discovered new exit (range 10) 289 | -10/Materials | Discovered new exit (range 16) 301 | -10/Materials | Build established: Mutant 562 | -10/Materials | Discovered new exit (range 12) 689 | -10/Materials | Entered another Materials area 689 | -9/Materials | Evolved 2 slots: Utility x2 1844 | -9/Materials | Discovered new exit (range 11) 2122 | -9/Materials | Entered another Materials area 2122 | -8/Materials | Evolved 2 slots: Utility x2 2286 | -8/Materials | Lost 7 parts (1p2n2u2w) 2469 | -8/Materials | Lost 3 parts (1u2w) 2620 | -8/Materials | Discovered new exit (range 11) 2675 | -8/Materials | Entered Factory 2675 | -7/Factory | Evolved 2 slots: Propulsion x1, Utility x1 2864 | -7/Factory | Central database locked down 2979 | -7/Factory | Identified exit to DSF 2982 | -7/Factory | Entered DSF 3031 | -7/DSF | Additional patrols routed to DSF 3113 | -7/DSF | Lost 3 parts (2u1w) 3187 | -7/DSF | Lost 3 parts (1n1u1w) 3248 | -7/DSF | Core integrity fell below 50% 3294 | -7/DSF | Core integrity fell below 20% 3313 | -7/DSF | Sterilization system engaged 3333 | -7/DSF | Ambient heat levels rising (+10) 3348 | -7/DSF | Ambient heat levels rising (+10) 3349 | -7/DSF | Lost 8 parts (1p1n1u5w) 3363 | -7/DSF | Ambient heat levels rising (+10) 3378 | -7/DSF | Ambient heat levels rising (+10) 3393 | -7/DSF | Ambient heat levels rising (+10) 3408 | -7/DSF | Ambient heat levels rising (+10) 3410 | -7/DSF | Discovered new exit (range 15) 3416 | -7/DSF | Core destroyed Last Messages --------------- 03397_ A-02 Transporter heat damages core (-4). 03397_ A-02 Transporter heat damages Lgt. Treads. 03398_ A-02 Transporter heat damages core (-5). 03398_ A-02 Transporter heat damages core (-4). 03399_ A-02 Transporter heat damages Ion Engine. 03399_ A-02 Transporter heat spikes uncontrollably. 03401_ A-02 Transporter heat damages Med. Storage Unit, Lgt. Treads, Ion Engine. 03402_ A-02 Transporter heat spikes uncontrollably. 03403_ A-02 Transporter heat damages core (-5). 03407_ A-02 Transporter heat damages Transport Network Coupler. 03408_ ALERT: Ambient heat levels +10. 03410_ A-02 Transporter heat spikes uncontrollably. 03410_ EXIT=FOUND 03411_ Power failure, Angular Momentum Engine shutdown. 03412_ Flexi-carbon Leg broken. 03412_ Overheating: Short circuit. 03413_ Overheating: Matter decay (-51). 03415_ Overheating: Energy bleed (-38). 03416_ Overheating: Core damaged (-105). Map ----- +----------------------------------------------------+ | | | | | | | | | | | | | | | | | | | | | | | | | | | | | | | ???????????????????????????????????????????? | | ???????????????????????????????????????????? | | ???????????????????????????????????????????? | | ???????????????????????????????????????????? | | ???????????????????????????????????????????? | | ???????????????????????????????????????????? | | ????????????????????#########??????????????? | | ?????????????#??#####!! [[#??????????????? | | ??????#"""""##!!#!!!#!! [[#??????????????? | | ??????#""< #??????????????? | | ?????"""" @ #??????????????? | | ??????#"" ##!!#!!!### ###??????????????? | | ????????????????#!!!### ###??????????????? | | ????????????????##### [[#??????????????? | | ????????????????????# [[#??????????????? | | ????????????????????# [[#??????????????? | | ????????????????????### ###??????????????? | | ????????????????????#!! !!#??????????????? | | ????????????????????#!! !!#??????????????? | | ????????????????????#!! !!#??????????????? | | ????????????#???###?### ###?#############? | | ??????#?????#!!?#!!!?## ###!!!#!!!## !!#? | | ??????#!! ##!!!#!!!## ##!!!#!!!## !!## | | ??????#]] "%" "# | | ??????#]] " #? | | ??????#]] !=*= #? | | ??????#== ## #===## [*%%##!!!# ## **#? | | ??????#?????# ??#===?## ###!!!# ## **#? | | ????????????????###?### ###?######## ###? | | ????????????????????#!!!*]* #??????#!! #?? | | ????????????????????#!! !!* #??????#!! #?? | | ????????????????????#!!!% **#??????#!! #?? | | ????????????????????###[ %[##??????### ##?? | | ????????????????????#!! [[#??????#!! #?? | | ????????????????????#!! [=##?????#!![! #?? | +----------------------------------------------------+ Best States ------------- Heat Dissipation 45 Energy Generation 18 Energy Capacity 300 Matter Stores 300 Matter Capacity 300 Sight Range 20 Robot Scan Range 15 Terrain Scan Density 10 Armor Coverage 375 Evasion (%) 43 Targeting Accuracy 8 Target Analysis 7 Core Analysis 6 Armor Integrity Analysis 30 Recoil Reduction 2 Offensive Hacking 20 Item Schematics ----------------- None Robot Schematics ------------------ None Fabricated ------------ Nothing Repaired ---------- Nothing Studied --------- Datajack | -7/Factory | Hacked Arm. Wheel | -7/Factory | Hacked Arm. Huge Wheel | -7/Factory | Hacked Rocket Launcher | -7/Factory | Hacked Field Laser | -7/Factory | Hacked Gauss Cannon | -7/Factory | Hacked Hpw. Shotgun | -7/Factory | Hacked Alien Tech Used ----------------- None Achievements -------------- Hot Goods Challenges ------------ None Game ------ Seed WardroneSkeletonExoskeleton Manual? 0 Play Time 00:43:56 Cumulative 202.4 hours Start 2025.10.26 @ 06:18:45 End 2025.10.26 @ 07:51:31 Sessions 1 Manual Loads 0 Difficulty Rogue Special Mode None Game No. 241 Rogue 67 Adventurer 174 Explorer 0 Win Type - Total 1 Types 1/0/0/0/0/0/0/0/0/0 Lore% 47 Gallery% 57 Achievement% 36 Wizard Run 0 Options --------- Layout 0 ASCII 0 Keyboard 1 Movement Numpad Keybinds 0 Fullscreen 1 Font 18/Terminus Map View 76x50 Zoom Use 0% Tactical HUD 1 Map Filters NONE Filters NONE Steam 1 RUN: 99d06e91-14a1-4212-aa6a-3289bbe73ffd